 Dungeon Crawl Stone Soup version 0.23.2-1-ga50397a (webtiles) character file.

Game seed: 12650390261632764103

2284 Leeroy the Thaumaturge (level 9, 0/74 HPs)
             Began as a Purple Draconian Conjurer on Apr 15, 2019.
             Was a Follower of Sif Muna.
             Slain by a spriggan baker
             ... wielding a +0 dagger
              (8 damage)
             ... on level 7 of the Dungeon.
             The game lasted 00:28:23 (7610 turns).

Leeroy the Thaumaturge (Purple Draconian Conjurer)  Turns: 7610, Time: 00:28:23

Health: 0/74       AC: 15    Str: 12    XL:     9   Next: 17%
Magic:  22/23      EV: 12    Int: 18    God:    Sif Muna [*.....]
Gold:   533        SH:  0    Dex: 11    Spells: 0/28 levels left

rFire    . . .     SeeInvis .   v - +1 quarterstaff (protect)
rCold    . . .     Gourm    .   (shield currently unavailable)
rNeg     . . .     Faith    .   (armour unavailable)
rPois    .         Spirit   .   (helmet restricted)
rElec    .         Reflect  .   (no cloak)
rCorr    .         Harm     .   u - +0 pair of gloves
MR       +....                  (no boots)
Stlth    ++........             w - amulet of regeneration
HPRegen  0.62/turn              (no ring)
MPRegen  0.18/turn              (no ring)

@: protection aura
A: breathe power, unfitting armour, blurry vision 1, mutation resistance 1,
cold-blooded, AC +7
a: Breathe Dispelling Energy, Divine Energy, Renounce Religion


You were on level 7 of the Dungeon.
You worshipped Sif Muna.
Sif Muna was aware of your devotion.
You were hungry.

You visited 2 branches of the dungeon, and saw 8 of its levels.

You collected 607 gold pieces.
You paid 74 gold pieces to Gozag.

Inventory:

Hand Weapons
 d - a +0 dagger
 n - a +0 rapier
 p - a +0 hunting sling
 v - a +1 quarterstaff of protection (weapon)
 x - a +0 morningstar
 C - a +0 halberd
 D - a +0 mace of protection
 E - a +0 spear
 H - a +3 flail of holy wrath
 I - a +0 spear
Missiles
 a - 2 throwing nets (quivered)
 j - 98 arrows
 o - 241 stones
 y - 5 tomahawks
 B - 31 bolts
 N - 16 poisoned needles
Armour
 u - a +0 pair of gloves (worn)
Jewellery
 g - an uncursed amulet of harm
 w - an amulet of regeneration (around neck)
 A - a cursed amulet of inaccuracy {unknown}
 K - a cursed -3 ring of strength {unknown}
Wands
 F - a wand of acid (9)
 G - a wand of polymorph (8)
Scrolls
 f - 10 scrolls of identify
 h - a scroll of blinking {unknown}
 i - a scroll of immolation {unknown}
 k - 4 scrolls of fog {unknown}
 m - 4 scrolls of magic mapping {unknown}
 q - 3 scrolls of teleportation
 s - 3 scrolls of remove curse {unknown}
 M - a scroll of holy word {unknown}
Potions
 c - 2 potions of heal wounds
 e - 4 potions of curing {unknown}
 l - a potion of haste {unknown}
 r - 2 potions of brilliance
 t - a potion of mutation
 z - a potion of ambrosia {unknown}
 J - a potion of degeneration {unknown}
 L - a potion of lignification {unknown}
 P - 2 potions of flight {unknown}
 Q - a potion of invisibility {unknown}
Comestibles
 b - 9 rations
 O - 5 chunks of flesh


   Skills:
 - Level 5.5 Fighting
 - Level 1.7 Dodging
 - Level 1.7 Stealth
 - Level 10.0 Spellcasting
 - Level 7.0 Conjurations
 + Level 2.9 Earth Magic


You couldn't memorise any spells.
You knew the following spells:

 Your Spells              Type           Power        Failure   Level  Hunger
a - Magic Dart            Conj           ####         1%          1    None
b - Searing Ray           Conj           ####..       1%          2    None
c - Dazzling Spray        Conj/Hex       ###...       5%          3    None
d - Iskenderun's Mystic   Conj           ####....     4%          4    ###....
e - Fulminant Prism       Conj/Hex       ###.......   19%         4    ###....
f - Lee's Rapid Deconstr  Erth           ###.......   54%         5    #####..
g - Petrify               Tmut/Erth      ##......     41%         4    ###....
h - Passwall              Tmut/Erth      ##......     7%          2    None
i - Tukima's Dance        Hex            #.......     24%         3    None

Your spell library contained the following spells:

 Spells                   Type           Power        Failure   Level  Hunger
 Sandblast                Erth           ###...       2%          1    None
 Stone Arrow              Conj/Erth      ####..       3%          3    None
 Confusing Touch          Hex            #.....       8%          1    None
 Corona                   Hex            #......      8%          1    None
 Corpse Rot               Necr           N/A          12%         2    None
 Ensorcelled Hibernation  Hex/Ice        #.....       12%         2    None
 Force Lance              Conj/Tloc      ###.....     19%         4    ###....
 Confuse                  Hex            #.......     24%         3    None
 Gell's Gravitas          Tloc           #.........   24%         3    None
 Leda's Liquefaction      Hex/Erth       ##........   41%         4    ###....
 Metabolic Englaciation   Hex/Ice        #.........   91%         5    #####..
 Summon Forest            Summ/Tloc      #.........   91%         5    #####..
 Yara's Violent Unravell  Hex/Tmut       #.........   91%         5    #####..
 Hydra Form               Tmut           #.........   100%        6    ######.
 Summon Hydra             Summ           #.........   100%        7    #######


Dungeon Overview and Level Annotations

Branches:
Dungeon (7/15)             Temple (1/1) D:6

Altars:
Ashenzari
Cheibriados
Dithmenos
Elyvilon
Fedhas
Gozag
Hepliaklqana
Kikubaaqudgha
Makhleb
Nemelex Xobeh
Okawaru
Qazlal
Ru
Sif Muna
Uskayaw
Vehumet
Wu Jian
Xom
Yredelemnul
Zin
The Shining One


Innate Abilities, Weirdness & Mutations

You can breathe bolts of dispelling energy.
Your rich purple scales are hard. (AC +7)
You cannot fit into any form of body armour.
You are cold-blooded and may be slowed by cold attacks.
Scrolls take you a little longer to read.
You are somewhat resistant to further mutation.


Message History

The spriggan baker is severely wounded.
The spriggan baker hits you but does no damage.
You closely miss the spriggan baker.
The spriggan baker is severely wounded.
The spriggan baker hits you with a +0 dagger.
* * * LOW HITPOINT WARNING * * *
The spriggan baker closely misses you.
You closely miss the spriggan baker.
The spriggan baker is severely wounded.
The spriggan baker closely misses you.
You completely miss the spriggan baker.
The spriggan baker is severely wounded.
The spriggan baker hits you with a +0 dagger!
* * * LOW HITPOINT WARNING * * *
You hit the spriggan baker but do no damage.
Your weapon exudes an aura of protection.
You tail-slap the spriggan baker.
The spriggan baker is almost dead.
The spriggan baker hits you with a +0 dagger!
You die...

......................>รท.....#
####.#..#.#######.#.#...#.####
..##.#....<# #.#.#...#.######
..##.#.##.## ###.#.#...#......#
..##.#....# #.....#.########.#
..##...#### #.#.###........#.##
........# #.#.....######.#.#.
.....#..#######..###########.#.#.
..##.#...(......@i..%##.........)
...#.###.#########.#%##...<#.#.##
...#.# #..##.....# # #....##.#...
...#.# ##.##.##### #.....#.####
...#.# #..#.# ######.....#..
...#.# ##.#.# #.#.......[###
...#.#####.#.# #.#........#
.#.#.#.......# #.#........#
##.#.#.####.#####.#........#


You could see a spriggan baker.

Vanquished Creatures
  A steam dragon (D:6)
  Menkaure (D:4)
  Edmund (D:6)
  2 orc warriors
  A phantom (D:4)
  An ice beast (Temple)
  A necrophage (D:4)
  An ogre (D:4)
  3 centaurs
  4 bullfrogs
  Blork the orc (D:5)
  A scorpion (D:6)
  A bullfrog zombie (D:6)
  A crimson imp (D:6)
  A hound (D:6)
  2 centaur zombies (D:6)
  A jelly (D:7)
  2 orc priests
  Jessica (D:2)
  An orc wizard (D:3)
  7 worker ants
  A hound skeleton (D:5)
  Robin (D:3)
  3 gnolls (D:6)
  9 adders
  A shadow imp (D:5)
  2 oozes (D:1)
  An adder zombie (D:5)
  A worm (D:2)
  An adder skeleton (D:3)
  A dart slug (D:3)
  6 leopard geckos
  12 orcs
  9 giant cockroaches
  12 goblins
  17 hobgoblins
  28 jackals
  3 kobolds
  2 quokkas (D:5)
  A ball python (D:2)
  2 bats (D:3)
  4 frilled lizards
  A giant cockroach zombie (D:5)
  A jackal skeleton (D:4)
  8 rats
162 creatures vanquished.

Vanquished Creatures (others)
  A bullfrog skeleton (D:6)
  5 fulminant prisms (D:6)
6 creatures vanquished.

Grand Total: 168 creatures vanquished

Notes
Turn   | Place    | Note
-------+----------+-------------------------------------------
     0 | D:1      | Leeroy the Draconian Conjurer began the quest for the Orb.
     0 | D:1      | Reached XP level 1. HP: 14/14 MP: 3/3
     1 | D:1      | Found a runed translucent door.
   212 | D:1      | Reached XP level 2. HP: 20/20 MP: 0/5
   216 | D:1      | Learned a level 2 spell: Searing Ray
  1129 | D:1      | Reached skill level 5 in Conjurations
  1129 | D:1      | Reached XP level 3. HP: 13/26 MP: 2/6
  1955 | D:2      | Learned a level 3 spell: Dazzling Spray
  1984 | D:2      | Reached XP level 4. HP: 33/33 MP: 2/7
  1988 | D:2      | Noticed Jessica
  2047 | D:2      | Killed Jessica
  2376 | D:2      | Found a hide-covered altar of Uskayaw.
  2390 | D:2      | Found a blossoming altar of Fedhas.
  2393 | D:2      | Found a radiant altar of Vehumet.
  2396 | D:2      | Found a glowing golden altar of the Shining One.
  2774 | D:3      | Reached XP level 5. HP: 32/38 MP: 8/8
  3226 | D:3      | Found a basalt altar of Yredelemnul.
  3259 | D:3      | Noticed Robin
  3291 | D:3      | Reached skill level 1 in Fighting
  3303 | D:3      | Killed Robin
  3389 | D:3      | Gained mutation: Scrolls take you a little longer to read.
                  | [potion of mutation]
  3389 | D:3      | Gained mutation: You have a pair of small horns on your
                  | head. [potion of mutation]
  3389 | D:3      | Gained mutation: You are frail. (-10% HP) [potion of
                  | mutation]
  3389 | D:3      | Gained mutation: You have a pair of horns on your head.
                  | [potion of mutation]
  3412 | D:3      | Lost mutation: You are frail. (-10% HP) [potion of
                  | mutation]
  3412 | D:3      | Lost mutation: You have a pair of horns on your head.
                  | [potion of mutation]
  3412 | D:3      | Lost mutation: You have a pair of small horns on your head.
                  | [potion of mutation]
  3412 | D:3      | Gained mutation: You are somewhat resistant to further
                  | mutation. [potion of mutation]
  3431 | D:3      | Noticed a centaur
  3587 | D:3      | Killed a centaur
  3587 | D:3      | Reached XP level 6. HP: 44/52 MP: 9/9
  3802 | D:3      | Found a white marble altar of Elyvilon.
  3813 | D:3      | Became a worshipper of Elyvilon the Healer
  3947 | D:4      | Noticed Menkaure
  3967 | D:4      | Killed Menkaure
  3967 | D:4      | Reached skill level 5 in Fighting
  4083 | D:4      | Your scales start taking on a rich purple colour.
  4083 | D:4      | Reached XP level 7. HP: 36/61 MP: 5/10
  4089 | D:4      | Learned a level 4 spell: Iskenderun's Mystic Blast
  4254 | D:4      | Reached skill level 3 in Spellcasting
  4657 | D:4      | Reached skill level 4 in Spellcasting
  4727 | D:4      | Reached * piety under Elyvilon
  4758 | D:4      | Learned a level 4 spell: Fulminant Prism
  4762 | D:4      | Found a glowing silver altar of Zin.
  4763 | D:4      | Found an opulent altar of Gozag.
  4783 | D:4      | Fell from the grace of Elyvilon
  4783 | D:4      | Became a worshipper of Gozag Ym Sagoz the Greedy
  5001 | D:5      | Entered Level 5 of the Dungeon
  5013 | D:4      | Reached skill level 5 in Spellcasting
  5266 | D:5      | Noticed Blork the orc
  5277 | D:5      | Killed Blork the orc
  5704 | D:6      | Found an ancient bone altar of Kikubaaqudgha.
  5713 | D:6      | Reached skill level 6 in Spellcasting
  5713 | D:6      | Reached XP level 8. HP: 50/65 MP: 12/17
  5784 | D:6      | Noticed Edmund
  5800 | D:6      | Killed Edmund
  5800 | D:6      | Reached skill level 7 in Spellcasting
  5816 | D:6      | HP: 3/65 [worker ant (2)]
  5819 | D:6      | Reached skill level 8 in Spellcasting
  6126 | D:6      | Found a staircase to the Ecumenical Temple.
  6136 | Temple   | Entered the Ecumenical Temple
  6235 | Temple   | Fell from the grace of Gozag
  6235 | Temple   | Became a worshipper of Sif Muna the Loreminder
  6274 | Temple   | Reached skill level 9 in Spellcasting
  6368 | D:6      | Learned a level 5 spell: Lee's Rapid Deconstruction
  6373 | D:6      | Learned a level 4 spell: Petrify
  6376 | D:6      | Learned a level 2 spell: Passwall
  6890 | D:7      | Found a stormy altar of Qazlal.
  7038 | D:7      | Reached skill level 10 in Spellcasting
  7038 | D:7      | Reached XP level 9. HP: 64/74 MP: 21/23
  7043 | D:7      | Learned a level 3 spell: Tukima's Dance
  7103 | D:7      | Reached * piety under Sif Muna
  7139 | D:7      | Reached skill level 1 in Earth Magic
  7349 | D:7      | Found a sacrificial altar of Ru.
  7350 | D:7      | Found an iron altar of Okawaru.
  7488 | D:7      | Noticed a skeletal warrior
  7488 | D:7      | Noticed a brown ugly thing
  7610 | D:7      | Slain by a spriggan baker

Skill      XL: |  1  2  3  4  5  6  7  8  9 |
---------------+----------------------------+-----
Conjurations   | 5 6 7 |  7.0
Fighting       | 3 5 |  5.5
Spellcasting   | 6 10 | 10.0
Earth Magic    | 2 |  2.9
Dodging        | |  1.7
Stealth        | |  1.7

Action                   |  1- 3 |  4- 6 |  7- 9 || total
-------------------------+-------+-------+-------++-------
Melee: Dagger            |   169 |     1 |       ||   170
       Unarmed           |     4 |       |       ||     4
       Tailslap          |    13 |    18 |    31 ||    62
       Rapier            |       |    56 |       ||    56
       Quarterstaff      |       |   160 |   306 ||   466
       Headbutt          |       |     1 |       ||     1
 Cast: Magic Dart        |     7 |     3 |     3 ||    13
       Searing Ray       |     9 |     9 |     8 ||    26
       Dazzling Spray    |       |     2 |     8 ||    10
       Iskenderun's Myst |       |       |     7 ||     7
       Fulminant Prism   |       |       |     5 ||     5
Invok: Potion Petition   |       |       |     1 ||     1
  Use: Scroll            |     1 |     1 |       ||     2
       Potion            |       |     4 |       ||     4
 Stab: Sleeping          |     3 |     3 |     3 ||     9
       Distracted        |     1 |       |       ||     1
       Invisible         |       |       |     1 ||     1
  Eat: Chunk             |     4 |     8 |     6 ||    18
       Ration            |       |       |     2 ||     2
Armor: Skin              |    60 |   125 |   172 ||   357
Dodge: Dodged            |   121 |   203 |   254 ||   578
